 Dungeon Crawl Stone Soup version 0.30-a0-222-ge547ba4400 (webtiles) character file.

Game seed: 1965283689902161301

149 qw the Chopper (level 5, -8/32 HPs)
             Began as a Gargoyle Fighter on Oct 8, 2022.
             Killed from afar by a steam dragon (11 damage)
             ... with a ball of steam
             ... on level 4 of the Dungeon.
             The game lasted 00:00:58 (2519 turns).

qw the Chopper (Gargoyle Fighter)                   Turns: 2519, Time: 00:00:59

Health: -8/32      AC: 14    Str: 21    XL:     5   Next: 31%
Magic:  5/5        EV:  9    Int:  9    God:
Gold:   168        SH:  4    Dex:  9    Spells: 4/4 levels left

rFire   . . .      SeeInvis +    Y - +0 war axe
rCold   . . .      Faith    .    c - +0 buckler
rNeg    + . .      Spirit   .    b - +0 scale mail
rPois   inf        Reflect  .    (no helmet)
rElec   +          Harm     .    (no cloak)
rCorr   .          Rampage  .    a - +1 pair of gloves
Will    .....                    s - +0 pair of boots
Stlth   ..........               (no amulet)
HPRegen 0.25/turn                j - ring of see invisible
MPRegen 0.09/turn                (no ring)

@: no status effects
A: sickness immunity, AC +4, negative energy resistance 1, electricity
resistance, torment resistance 1, petrification resistance
a: no special abilities


You were on level 4 of the Dungeon.
You visited 1 branch of the dungeon, and saw 4 of its levels.

You collected 168 gold pieces.


Innate Abilities, Weirdness & Mutations

You are immune to sickness and miasma.
Your stone body is resilient. (AC +4)
You are immune to poison.
You resist negative energy. (rN+)
You are resistant to electric shocks. (rElec)
You are resistant to unholy torment.
You are immune to petrification.


   Skills:
 - Level 3.2 Fighting
 + Level 4.9 Axes
 - Level 3.2 Armour
 - Level 3.2 Shields


You had 4 spell levels left.
You didn't know any spells.
Your spell library was empty.

Inventory:

Hand Weapons
 o - the +8 hammer "Orb Guardian's Peril" {protect, rF- Dex+8}
   (You found it on level 3 of the Dungeon)

   It grants its wielder temporary protection when it strikes (+7 to AC).
   Dex:       It affects your dexterity (+8).
   rF:        It makes you vulnerable to fire.
 t - a +2 hammer of protection
 Y - a +0 war axe (weapon)
Armour
 a - a +1 pair of gloves (worn)
 b - a +0 scale mail (worn)
 c - a +0 buckler (worn)
 s - a +0 pair of boots (worn)
Jewellery
 j - a ring of see invisible (left hand)
Scrolls
 n - a scroll of identify
Potions
 d - a potion of might
 f - a potion of cancellation {unknown}
 g - a potion of attraction {unknown}
 h - 4 potions of curing
 i - a potion of lignification {unknown}
 k - a potion of magic {unknown}
 m - a potion of haste
 q - a potion of resistance {unknown}
 r - a potion of flight {unknown}

Dungeon Overview and Level Annotations

Branches:
Dungeon (4/15)
 Temple: D:4-7

Altars:

Annotations:
D:3 1 runed translucent door, Crazy Yiuf


Message History

The ball of steam hits you!
The steam dragon moves out of view.
You hear a shout!
2509 ||| Stepping ~*~*~tactically~*~*~ (cloud).
You start resting.
A steam dragon is nearby!
A steam dragon is nearby!
You closely miss the steam dragon. You block the steam dragon's attack. x2
You closely miss the steam dragon.
The steam dragon bites you but does no damage.
You block the steam dragon's attack.
You hit the steam dragon.
The steam dragon is lightly wounded.
The steam dragon bites you but does no damage.
The steam dragon claws you.
You slash the steam dragon!
The steam dragon is heavily wounded.
The steam dragon bites you but does no damage.
The steam dragon barely misses you.
You slash the steam dragon!
The steam dragon is almost dead.
The steam dragon bites you. You block the steam dragon's attack.
The steam dragon breathes steam at you. The ball of steam hits you.
You closely miss the steam dragon.
The steam dragon is almost dead.
You are engulfed in a cloud of scalding steam.
You block the steam dragon's attack.
The steam dragon claws you but does no damage.
You hit the steam dragon.
The steam dragon is almost dead.
You are engulfed in a cloud of scalding steam.
The steam dragon bites you but does no damage.
You block the steam dragon's attack.
You barely miss the steam dragon.
The steam dragon is almost dead.
You are engulfed in a cloud of scalding steam.
The steam dragon breathes steam at you. The ball of steam hits you!
You die...

#. #. #. #. #D
#¤ #.#.####
#...D@¤#
#...##.##
##+####..#
#.....##.####
#.....##....#
#.........#.#
##+###....#.##
#...'....)..#
#####..).<#...#


You could see a steam dragon (catching breath).

Vanquished Creatures
  Natasha (thrice) (D:3)
  4 adders
  2 dart slugs
  An orc (D:3)
  A ball python (D:3)
  4 endoplasms
  3 goblins
  5 hobgoblins
  4 kobolds
  A quokka (D:2)
  2 bats (D:3)
  9 rats
39 creatures vanquished.

Notes
Turn   | Place    | Note
-------+----------+-------------------------------------------
     0 | D:1      | qw the Gargoyle Fighter began the quest for the Orb.
     0 | D:1      | Reached XP level 1. HP: 14/14 MP: 1/1
     0 | D:1      | 0 ||| qw: Version: 0.2-a-17-g06abaee
     0 | D:1      | 0 ||| qw: Game counter: 2054
     0 | D:1      | 0 ||| qw: Always use a shield: true
     0 | D:1      | 0 ||| qw: God list: Okawaru
     0 | D:1      | 0 ||| qw: Allow faded altars: false
     0 | D:1      | 0 ||| qw: Do Orc after D:15 true
     0 | D:1      | 0 ||| qw: Do second Lair branch before Depths: true
     0 | D:1      | 0 ||| qw: Lair rune preference: random
     0 | D:1      | 0 ||| qw: Plans: Normal, Zot:1-4, God:TSO, Crypt, Tomb,
                  | Pan, Slime:5, Hells, Abyss, Orb
     0 | D:1      | 0 ||| PLANNING D:1-11
   116 | D:1      | Reached skill level 2 in Axes
   291 | D:1      | 291 ||| DROPPING +0 club.
   693 | D:1      | 693 ||| UPGRADING to +0 pair of gloves.
   698 | D:1      | 698 ||| READING 2 scrolls labelled FYBURH WINO.
   699 | D:1      | 699 ||| READING scroll labelled NUIZENW BEMOMO.
   700 | D:1      | 700 ||| READING scroll labelled KECZAZ YSHRI.
   701 | D:1      | 701 ||| READING scroll labelled RIRGHO MIUX.
   702 | D:1      | 702 ||| READING 2 scrolls labelled USEBAENWOL.
   703 | D:1      | 703 ||| DRINKING 3 metallic coppery potions.
   704 | D:1      | 704 ||| DRINKING 2 murky puce potions.
   705 | D:1      | 705 ||| DROPPING scroll of vulnerability.
   706 | D:1      | 706 ||| DROPPING 2 potions of invisibility.
   707 | D:1      | 707 ||| DROPPING scroll of butterflies.
   739 | D:2      | Reached XP level 2. HP: 19/19 MP: 2/2
   951 | D:2      | Reached skill level 3 in Axes
  1114 | D:2      | Reached XP level 3. HP: 23/23 MP: 3/3
  1444 | D:2      | Found a faded altar of an unknown god.
  1542 | D:2      | 1542 ||| UPGRADING to +1 pair of gloves.
  1552 | D:2      | 1552 ||| DROPPING +0 pair of gloves.
  1553 | D:2      | 1553 ||| UPGRADING to ring of see invisible.
  1554 | D:2      | 1554 ||| READING scroll labelled FERIUG YCIVUI.
  1555 | D:2      | 1555 ||| READING 2 scrolls labelled DUIBERU VEFO.
  1556 | D:2      | 1556 ||| READING scroll labelled ZAEVOR GULOGOX.
  1557 | D:2      | 1557 ||| READING scroll labelled GEMOQAWAHA.
  1560 | D:2      | 1560 ||| DRINKING 3 viscous ruby potions.
  1561 | D:2      | 1561 ||| DROPPING scroll of immolation.
  1585 | D:3      | Noticed Natasha
  1595 | D:3      | Killed Natasha
  1596 | D:3      | Reached XP level 4. HP: 20/28 MP: 4/4
  1720 | D:3      | Reached skill level 4 in Axes
  1727 | D:3      | Noticed Natasha
  1728 | D:3      | 1728 ||| Stepping ~*~*~tactically~*~*~ (stealth).
  1729 | D:3      | 1729 ||| Stepping ~*~*~tactically~*~*~ (stealth).
  1739 | D:3      | Killed Natasha
  1760 | D:3      | 1760 ||| FLEEEEING.
  1765 | D:3      | 1765 ||| STAIRDANCE
  1808 | D:3      | 1808 ||| Stepping ~*~*~tactically~*~*~ (stealth).
  1909 | D:3      | Noticed Natasha
  1927 | D:3      | HP: 7/28 [Natasha/magic dart (3)]
  1928 | D:3      | Killed Natasha
  1929 | D:3      | Reached XP level 5. HP: 7/32 MP: 5/5
  2115 | D:3      | 2115 ||| DROPPING +0 whip.
  2117 | D:3      | Identified the +8 hammer "Orb Guardian's Peril" {protect,
                  | rF- Dex+8}
  2120 | D:3      | Found a runed translucent door.
  2121 | D:3      | Noticed Crazy Yiuf
  2404 | D:3      | 2404 ||| UPGRADING to +0 pair of boots.
  2409 | D:3      | 2409 ||| READING scroll labelled QOCIC JISCH.
  2410 | D:3      | 2410 ||| READING scroll labelled SUICALL BIESO.
  2434 | D:3      | 2434 ||| READING 2 scrolls of identify.
  2434 | D:3      | 2434 ||| IDENTIFYING dark potion
  2435 | D:3      | 2435 ||| DROPPING potion of degeneration.
  2508 | D:4      | Noticed a steam dragon
  2509 | D:4      | 2509 ||| Stepping ~*~*~tactically~*~*~ (cloud).
  2518 | D:4      | HP: 2/32 [steam dragon] (11)]
  2519 | D:4      | Killed from afar by a steam dragon

Levels and vault maps discovered:
D:1:      lemuel_arrival_funnel, layout_loops_ring, grunt_decor_fettered
D:2:      layout_basic, shapermc_ecumenical_altar_petra, grunt_ministairs_10
D:3:      kennysheep_big_flooded_room, layout_basic, uniq_crazy_yiuf_cottage,
          uniq_natasha
D:4:      layout_basic, serial_bayou_pond_e, nicolae_shop_gadgets, uniq_grinder,
          uniq_duvessa

Skill      XL: |  1  2  3  4 |
---------------+-------------+-----
Axes           | 2 3 4 |  4.9
Fighting       | |  3.2
Armour         | |  3.2
Shields        | |  3.2

Action                   |  1- 3 |  4- 6 || total
-------------------------+-------+-------++-------
Melee: War axe           |    78 |    90 ||   168
  Use: Scroll            |     9 |     3 ||    12
       Potion            |     3 |       ||     3
Armor: Scale mail        |    42 |    60 ||   102
Dodge: Dodged            |    35 |    41 ||    76
Block: Buckler           |    14 |    23 ||    37

Table legend:
 A = Non-vault XP
 B = Vault XP
 C = Vault XP percentage of total XP
 D = Non-vault monster count
 E = Vault monster count
 F = Vault count percentage of total count
                 A         B        C        D         E       F
            +---------+---------+-------+---------+---------+-------
      Total |     173 |      41 |  19.2 |      34 |       5 |  12.8
            +---------+---------+-------+---------+---------+-------
        D:1 |       6 |       0 |   0.0 |       3 |       0 |   0.0
        D:2 |      43 |       3 |   6.5 |      11 |       2 |  15.4
        D:3 |     124 |      38 |  23.5 |      20 |       3 |  13.0
            +---------+---------+-------+---------+---------+-------
